Map: Dusk Towers

Players

Hallucinator - Winner!

  • Race: Zerg Zerg
  • League: Platinum

ILLBdA

  • Race: Protoss Protoss
  • League: Diamond

VOD

Have the link to the VOD?

Description

Time

  • Played on: Dec. 11, 2015, 9:57 a.m.
  • Length: 9:34
Show
View Real Time Build Order
Export as new Build Order

Hallucinator Zerg - Winner!

Build Orders: Pool First 

Get SALT Encoding   

  12  0:02  Drone  
  13  0:22  Spawning Pool  
  13  0:25  Drone  
  13  0:35  Overlord  
  13  0:39  Drone  
  14  1:09  Zergling x6  
  14  1:10  Queen  
  19  1:14  Extractor  
  18  1:22  Zergling x2  
  19  1:39  Zergling x2  
  20  1:45  Drone  
  21  1:53  Overlord  
  21  1:56  Hatchery  
  20  2:08  Drone  
  21  2:16  Drone  
  22  2:28  Drone x3  
  25  2:35  Drone, Extractor  
  25  2:50  Drone  
  25  3:10  Drone x2  
  25  3:12  Drone  
  28  3:13  Queen  
  30  3:20  Drone  
  31  3:35  Roach Warren  
  31  3:37  Hatchery  
  31  3:39  Drone x2  
  31  3:47  Drone x2  
  33  3:55  Drone x2  
  35  4:00  Drone  
  35  4:02  Overlord  
  36  4:06  Spine Crawler  
  35  4:12  Spine Crawler  
  34  4:21  Queen  
  34  4:22  Drone  
  37  4:30  Lair  
  37  4:44  Spine Crawler  
  34  4:57  Drone  
  34  4:58  Zergling x4  
  36  5:11  Drone  
  37  5:17  Spine Crawler  
  35  5:35  Spire  
  32  5:38  Roach x2  
  32  5:39  Roach  
  37  5:45  Roach x3  
  43  6:02  Overlord x2  
  42  6:09  Hatchery  
  41  6:13  Roach  
  41  6:16  Overlord  
  43  6:26  Overlord  
  36  6:48  Mutalisk  
  36  6:49  Mutalisk x4  
  42  7:02  Mutalisk  
  44  7:16  Mutalisk  
  46  7:32  Mutalisk x2  
  46  7:34  Mutalisk  
  52  7:46  Queen  
  52  7:49  Drone  
  52  7:50  Drone x2  
  57  7:52  Hatchery  
  57  7:56  Drone x5  
  61  8:05  Roach  
  61  8:12  Spine Crawler  
  60  8:17  Spine Crawler  
  57  8:25  Drone  
  58  8:30  Mutalisk  
  58  8:31  Mutalisk  
  42  9:02  Drone x4  
  38  9:16  Drone  
Show
View Real Time Build Order
Export as new Build Order

ILLBdA Protoss 

Build Orders:  

Get SALT Encoding   

  12  0:01  Probe (Chrono Boost)  
  13  0:11  Probe (Chrono Boost)  
  14  0:19  Pylon  
  14  0:22  Probe (Chrono Boost)  
  15  0:37  Probe (Chrono Boost)  
  16  0:45  Forge  
  16  0:48  Probe (Chrono Boost)  
  17  0:58  Probe (Chrono Boost)  
  18  1:09  Probe (Chrono Boost)  
  19  1:12  Pylon  
  19  1:19  Probe (Chrono Boost)  
  19  1:22  Pylon  
  20  1:30  Probe (Chrono Boost), Pylon  
  21  1:36  Photon Cannon  
  21  1:37  Pylon  
  20  1:40  Probe (Chrono Boost)  
  21  1:51  Probe (Chrono Boost)  
  22  1:54  Pylon  
  22  1:57  Photon Cannon  
  22  2:15  Gateway  
  22  2:17  Photon Cannon  
  22  2:26  Photon Cannon  
  22  2:32  Probe (Chrono Boost), Pylon  
  23  2:44  Assimilator  
  23  2:49  Assimilator  
  23  3:03  Zealot  
  25  3:07  Gateway  
  25  3:12  Probe (Chrono Boost), Pylon  
  26  3:22  Probe (Chrono Boost)  
  27  3:31  Cybernetics Core  
  27  3:32  Zealot  
  29  3:46  Gateway  
  29  3:47  Gateway  
  29  3:52  Photon Cannon  
  29  3:58  Zealot  
  31  4:08  Mothership Core (Chrono Boost)  
  33  4:11  Adept  
  35  4:18  Warp Gate  
  35  4:25  Adept  
  35  4:26  Gateway  
  37  4:34  Adept  
  37  4:38  Adept  
  41  4:52  Adept  
  37  5:01  Adept  
  37  5:05  Adept  
  39  5:14  Adept  
  39  5:19  Adept  
  43  5:28  Adept  
  43  5:32  Adept  
  47  5:41  Adept  
  49  5:46  Adept  
  51  5:52  Pylon  
  51  5:53  Pylon  
  51  5:58  Adept  
  51  5:59  Adept  
  55  6:25  Adept x2  
  51  6:36  Adept x2  
  49  6:53  Adept x2  
  51  7:04  Adept x2  
  55  7:18  Stalker  
  53  7:23  Stalker  
  53  7:26  Stalker  
  53  7:29  Stalker  
  54  7:44  Stalker x2  
  58  7:58  Stalker  
  60  8:00  Sentry  
  62  8:11  Pylon  
  62  8:33  Pylon  
  60  8:52  Stalker x2  
  54  9:03  Stalker  
  51  9:16  Stalker  
Tags
 
Matchup
PvZ
Opening
Pool First
Replay Pack
me
Add a new tag
Caveats
  • Supply blocks, unpowered buildings, or Contaminate may cause inaccurate times.
  • Supply counts are checked every 10 seconds.